 Dungeon Crawl Stone Soup version 0.20.0-7-g3b7b877 (webtiles) character file.

188 tizzy the Chopper (level 5, -6/41 HPs)
             Began as a Demonspawn Fighter on May 28, 2017.
             Mangled by a wyvern (10 damage)
             ... on level 4 of the Dungeon.
             The game lasted 00:05:56 (3053 turns).

tizzy the Chopper (Demonspawn Fighter)              Turns: 3053, Time: 00:05:57

Health: -6/41      AC:  6    Str: 16 (18) XL:     5   Next: 39%
Magic:  5/5        EV:  6    Int: 13 (14) God:
Gold:   159        SH:  8    Dex: 10 (12) Spells: 4/4 levels left

rFire    + . .     SeeInvis .   a - +0 war axe
rCold    . . .     Gourm    .   c - +0 shield
rNeg     . . .     Faith    .   b - +0 scale mail
rPois    .         Spirit   .   (no helmet)
rElec    .         Reflect  .   (no cloak)
rCorr    .         Harm     .   (no gloves)
MR       .....                  (no boots)
Stlth    ..........             (no amulet)
Regen    0.2/turn               (no ring)
MPRegen  0.1/turn               (no ring)

@: brilliant, flying
A: talons 1, fire resistance 1, flame cloud immunity
a: no special abilities


You were on level 4 of the Dungeon.
You were very hungry.

You visited 1 branch of the dungeon, and saw 4 of its levels.

You collected 159 gold pieces.

Inventory:

Hand Weapons
 a - a +0 war axe (weapon)
Armour
 b - a +0 scale mail (worn)
 c - a +0 shield (worn)
 t - a cursed +0 ring mail
Scrolls
 g - 2 scrolls of random uselessness {unknown}
 h - a scroll of noise {unknown}
 i - 5 scrolls of remove curse {unknown}
 j - a scroll of identify {unknown}
 k - 2 scrolls of immolation {unknown}
 p - a scroll of fear {unknown}
 q - a scroll of enchant armour {unknown}
 s - a scroll of teleportation {unknown}
Potions
 d - 3 potions of might
 e - a potion of ambrosia {unknown}
 l - a potion of brilliance
 n - a potion of degeneration
 r - a potion of curing
 u - a potion of cancellation {unknown}
Comestibles
 f - 2 bread rations
 m - 5 fruits


   Skills:
 - Level 3.0 Fighting
 * Level 5.2 Axes
 - Level 2.6 Armour
 - Level 2.6 Shields


You had 4 spell levels left.
You didn't know any spells.

Dungeon Overview and Level Annotations

Branches:
Dungeon (4/15)
 Temple: D:4-7

Altars:
Kikubaaqudgha


Innate Abilities, Weirdness & Mutations

You have sharp toenails.
Your flesh is heat resistant. (rF+)
You are immune to clouds of flame.


Message History

You slash the wyvern!
The wyvern is moderately wounded.
The wyvern bites you! The wyvern bites you.
You slash the wyvern!
The wyvern is heavily wounded.
The wyvern barely misses you. The wyvern bites you!
* * * LOW HITPOINT WARNING * * *
You aren't carrying any items that you can evoke.
It was a potion of degeneration.
There was something very wrong with that liquid.
You feel weakened.
You feel dopey.
You feel clumsy. The wyvern bites you.
* * * LOW HITPOINT WARNING * * *
It was a potion of brilliance.
You feel clever all of a sudden. The wyvern barely misses you.
You block the wyvern's attack.
It was a potion of flight.
You feel very buoyant.
You fly up into the air.
The wyvern bites you!
You die...

## ### .. . ..### .#
#...... $####.#.#.#
##.##.......#
#######...#.#.#.#.#
..................######
#<..# #l@......[. #...##
#.<.###### #.#.# ###.#
#. .. #.# .h ### #)# ...
#.# ##. #.# .. #.# #[.


You could see a wyvern.

Vanquished Creatures
  An iguana (D:3)
  6 adders
  3 gnolls (D:2)
  An ooze (D:1)
  A worm (D:3)
  4 leopard geckos
  6 orcs (D:3)
  A giant cockroach (D:2)
  9 goblins
  7 hobgoblins
  7 jackals (D:1)
  A quokka (D:4)
  2 ball pythons
  6 bats
  4 frilled lizards
  3 kobolds
  5 rats
67 creatures vanquished.

Notes
Turn   | Place    | Note
-------+----------+-------------------------------------------
     0 | D:1      | tizzy the Demonspawn Fighter began the quest for the Orb.
     0 | D:1      | Reached XP level 1. HP: 18/18 MP: 1/1
   144 | D:1      | Reached skill level 2 in Axes
   149 | D:1      | Gained mutation: Your flesh is heat resistant. (rF+) [demonic ancestry]
   149 | D:1      | Reached XP level 2. HP: 20/24 MP: 2/2
   351 | D:1      | Reached skill level 3 in Axes
   489 | D:1      | Gained mutation: You have sharp toenails. [demonic ancestry]
   489 | D:1      | Reached XP level 3. HP: 19/29 MP: 3/3
  1258 | D:2      | Gained mutation: You are immune to clouds of flame. [demonic ancestry]
  1258 | D:2      | Reached XP level 4. HP: 6/35 MP: 4/4
  1560 | D:2      | Reached skill level 4 in Axes
  1674 | D:2      | Found an ancient bone altar of Kikubaaqudgha.
  2303 | D:3      | Reached XP level 5. HP: 10/41 MP: 5/5
  2804 | D:3      | Reached skill level 5 in Axes
  3047 | D:4      | Noticed a wyvern
  3053 | D:4      | Mangled by a wyvern

Skill      XL: |  1  2  3  4  5 |
---------------+----------------+-----
Axes           | 2 3 4 5 |  5.2
Fighting       | |  3.0
Armour         | |  2.6
Shields        | |  2.6

Action                   |  1- 3 |  4- 6 || total
-------------------------+-------+-------++-------
Melee: War axe           |   101 |   136 ||   237
       Kick              |    10 |    21 ||    31
  Use: Potion            |     2 |     3 ||     5
  Eat: Chunk             |       |     5 ||     5
       Fruit             |       |     1 ||     1
Armor: Scale mail        |    56 |    56 ||   112
Dodge: Dodged            |    29 |    47 ||    76
Block: Shield            |    53 |    72 ||   125
